 Dungeon Crawl Stone Soup version 0.20.1-1-g8b1a95d (webtiles) character file.

149 Lorindel the Insei (level 5, 0/34 HPs)
             Began as an Octopode Transmuter on July 19, 2017.
             Was an Initiate of Sif Muna.
             Killed from afar by an electric eel (13 damage)
             ... with a bolt of electricity
             ... on level 4 of the Dungeon.
             The game lasted 00:17:53 (3648 turns).

Lorindel the Insei (Octopode Transmuter)            Turns: 3648, Time: 00:17:54

Health: 0/34       AC:  1    Str: 10    XL:     5   Next: 31%
Magic:  9/9        EV: 14    Int: 16    God:    Sif Muna [......]
Gold:   175        SH:  0    Dex: 12    Spells: 4/10 levels left

rFire    . . .     SeeInvis .     - Unarmed
rCold    . . .     Gourm    +   (no shield)
rNeg     . . .     Faith    .   (helmet restricted)
rPois    .         Spirit   .   h - amulet of the gourmand
rElec    .         Reflect  .   (no ring)
rCorr    .         Harm     .   (no ring)
MR       .....                  (no ring)
Stlth    +++.......             (no ring)
Regen    0.2/turn               (no ring)
MPRegen  0.2/turn               (no ring)
                                (no ring)
                                (no ring)

@: no status effects
A: almost no armour, stealthy swim, amphibious, 8 rings, constrict 8, camouflage
1, gelatinous body 1
a: Renounce Religion


You were on level 4 of the Dungeon.
You worshipped Sif Muna.
Sif Muna was noncommittal.
You were very full.

You visited 1 branch of the dungeon, and saw 4 of its levels.

You collected 175 gold pieces.

Inventory:

Hand Weapons
 f - a +1 mace of venom
 g - a +0 halberd
 i - a cursed +0 spear
Missiles
 a - 5 arrows
Armour
 l - a +0 shield
Jewellery
 h - an amulet of the gourmand (around mantle)
Wands
 p - a wand of flame (17/48)
Scrolls
 j - 3 scrolls of remove curse
Potions
 e - a potion of haste
 k - 2 potions of agility {unknown}
 m - a potion of cancellation {unknown}
 n - 2 potions of curing {unknown}
 o - a potion of brilliance {unknown}
Books
 b - a book of Changes

   Spells                             Type                      Level
   a - Beastly Appendage              Transmutation                1
   b - Sticks to Snakes               Transmutation                2
   c - Spider Form                    Transmutation/Poison         3
   d - Ice Form                       Ice/Transmutation            4
   e - Blade Hands                    Transmutation                5
Comestibles
 c - 2 bread rations
 d - a fruit


   Skills:
 + Level 1.7 Fighting
 + Level 2.7 Dodging
 + Level 2.0 Stealth
 + Level 0.2 Shields
 + Level 3.8 Unarmed Combat
 * Level 3.0 Spellcasting
 + Level 2.4 Transmutations
 + Level 1.0 Poison Magic
 + Level 0.0 Invocations
 + Level 0.0 Evocations


You had 4 spell levels left.
You knew the following spells:

 Your Spells              Type           Power        Failure   Level  Hunger
a - Beastly Appendage     Tmut           ##....       7%          1    #......
b - Sticks to Snakes      Tmut           ##......     11%         2    ##.....
c - Spider Form           Tmut/Pois      #.........   28%         3    ###....


Dungeon Overview and Level Annotations

Branches:
Dungeon (4/15)
 Temple: D:4-7

Altars:
Qazlal
Sif Muna


Innate Abilities, Weirdness & Mutations

You cannot wear most types of armour.
You are very stealthy in the water. (Stealth+)
You are amphibious.
You can wear up to eight rings at the same time.
You can use your tentacles to constrict eight enemies at once.
Your skin changes colour to match your surroundings (Stealth+).
Your rubbery body absorbs attacks. (AC +1, EV +1)


Message History

Sif Muna accepts your kill.
There is an open door here.
Your transformation is almost over.
You open the door.
There is an open door here.
Your tentacle spike disappears.
You found a shaft!
Found a transporter.
Found a wand of flame (?/48).
There is a shaft here.
There is a transporter here.
There are no items here.
You enter the transporter and appear at another place.
p - a wand of flame (?/48)
You open the door.
The electric eel shoots out a bolt of lightning at you!
The bolt of electricity hits you!
The electric eel shoots out a bolt of lightning at you!
The bolt of electricity hits you! x2
You die...

....... #..#.#
....... ##.#
....... #^# #
############.#.#
...............#
###########.#..#
≈;≈≈≈;≈#P8#.#..#
≈≈≈≈P..#..#....#
≈≈≈⌠≈..@..#©...#
P≈≈≈≈..#..#..#.#
≈;≈≈≈≈;#P8#.##.#
###########.# #
............#
#############


You could see 4 electric eels.

Vanquished Creatures
  An orc wizard (D:3)
  2 adders
  A worm (D:2)
  4 dart slugs
  A leopard gecko (D:4)
  5 orcs (D:3)
  A ball python (D:2)
  7 bats
  6 giant cockroaches
  5 goblins (D:1)
  6 hobgoblins
  6 kobolds
  2 quokkas (D:3)
  5 frilled lizards
  5 rats
57 creatures vanquished.

Vanquished Creatures (collateral kills)
  3 gnolls (D:2)
  An adder (D:2)
  A kobold (D:2)
5 creatures vanquished.

Grand Total: 62 creatures vanquished

Notes
Turn   | Place    | Note
-------+----------+-------------------------------------------
     0 | D:1      | Lorindel the Octopode Transmuter began the quest for the Orb.
     0 | D:1      | Reached XP level 1. HP: 13/13 MP: 3/3
    84 | D:1      | Reached XP level 2. HP: 14/18 MP: 3/5
    92 | D:1      | Learned a level 2 spell: Sticks to Snakes
   316 | D:1      | Reached skill level 1 in Stealth
   737 | D:1      | Reached XP level 3. HP: 22/23 MP: 4/6
   964 | D:1      | Learned a level 3 spell: Spider Form
  1805 | D:2      | Found a stormy altar of Qazlal.
  1976 | D:2      | Reached XP level 4. HP: 28/28 MP: 4/7
  2061 | D:2      | HP: 1/28 [gnoll/halberd (6)]
  2558 | D:3      | Reached skill level 1 in Poison Magic
  2558 | D:3      | Reached XP level 5. HP: 15/33 MP: 6/9
  3339 | D:3      | Found a deep blue altar of Sif Muna.
  3369 | D:3      | Became a worshipper of Sif Muna the Loreminder
  3634 | D:4      | Found a transporter.
  3648 | D:4      | Killed from afar by an electric eel

Skill      XL: |  1  2  3  4  5 |
---------------+----------------+-----
Stealth        | 1 2 |  2.0
Poison Magic   | 1 |  1.0
Spellcasting   | 3 |  3.0
Fighting       | |  1.7
Dodging        | |  2.7
Shields        | |  0.2
Unarmed Combat | |  3.8
Transmutations | |  2.4

Action                   |  1- 3 |  4- 6 || total
-------------------------+-------+-------++-------
Melee: Unarmed           |    78 |    68 ||   146
       Constrict         |    26 |    16 ||    42
       Kick              |    13 |    12 ||    25
       Tentacles         |    11 |    11 ||    22
       Punch             |     1 |     2 ||     3
 Cast: Beastly Appendage |    16 |    12 ||    28
       Sticks to Snakes  |     1 |     6 ||     7
  Use: Scroll            |     7 |     1 ||     8
       Potion            |       |     1 ||     1
 Stab: Sleeping          |     6 |     4 ||    10
  Eat: Chunk             |     4 |    12 ||    16
       Fruit             |       |     2 ||     2
Armor: Skin              |    10 |     8 ||    18
Dodge: Dodged            |    60 |    47 ||   107
